Stars vs Checkers 1

Created - 2 février 2024 at 09:44

Goals
1 2 3 T
Stars 1 0 0 1
Checkers 1 1 1 1 3
Shots
1 2 3 T
Stars 6 7 14 27
Checkers 1 8 5 13 26

GoalsPenalties
1st period
1. Checkers 1 , Martin Chromiak 14 (Austin Poganski 40) at 5:58 (PP)
2. Stars , Jayson Megna 25 (Calle Rosen 28, Chris Terry 40) at 6:16
Chris Terry (DAL) for Holding (Minor) at 5:32
Eddie Wittchow (DAL) for Cross-checking (Minor) at 12:56
2nd period
3. Checkers 1 , Karson Kuhlman 7 (Austin Poganski 41) at 3:54
Ryan Shea (DAL) for Tripping (Minor) at 4:26
Chase Priskie (FLO) for Fighting (Major) at 10:08
Drake Caggiula (DAL) for Fighting (Major) at 10:08
3rd period
4. Checkers 1 , Austin Poganski 16 (Bobby Trivigno 21, Sean Day 18) at 14:34 (PP)
Ethan Prow (DAL) for Tripping (Minor) at 14:29
Goalie Stats
Dustin Tokarski (DAL), 23 saves from 26 shots - (0,885), L, 40-21-12, 60:00 minutes
Kevin Poulin (FLO), 26 saves from 27 shots - (0,963), W, 20-15-4, 60:00 minutes
3 StarsOfficial
1 - Austin Poganski (FLO)
2 - Kevin Poulin (FLO)
3 - Martin Chromiak (FLO)
Referees : Maria Furberg and Daria Ermak
Linesman : Erica Holmes and Kaylah Krieger
Game Note
Chase Priskie and Drake Caggiula fight to a draw at 10:08 of 2nd period



Team Name Goals Shots Shots Attemp Shots Blocked PIM HIT PP PK FO%
Stars 12748613170 / 0 (0%248%
Checkers 1 3264355182 / 4 (50%)052%

Stars
Player Name POS G A P +/- PIM HIT SHT SB MP PP MP PP SHT PK MP PK SHT FO% FOT GA TA
Calle RosenD0110021123:420:0002:3600% 001
Chris TerryC/LW/RW0110213024:400:0002:17052% 3300
Cole MaierC000000001:320:0000:0000% 000
Drake CaggiulaLW/RW0000545015:030:0001:3500% 010
Eddie WittchowD0000210116:410:0000:0000% 000
Ethan ProwD0000200019:360:0001:5300% 000
Ethen FrankRW0000034017:130:0000:0000% 100
Ilya SolovyovD0000011017:270:0000:4800% 002
Jayson MegnaC/LW/RW1010015125:260:0002:4300% 100
Jesper FrodenRW0000010114:190:0000:0000% 001
Joona KoppanenC/LW0000010015:070:0001:24033% 300
Kevin ConnautonD0000000023:420:0002:3600% 010
Martin FrkRW0000014114:070:0000:0000% 100
Nikita NesterenkoC/LW0000014016:040:0000:0000% 000
Peetro SeppalaD000000000:000:0000:0000% 000
Riley SheahanC/LW0000000115:010:0000:59056% 900
Ryan SheaD0000200018:570:0001:0500% 000
Zac DalpeC/RW0000000016:490:0000:00050% 600
Checkers 1
Player Name POS G A P +/- PIM HIT SHT SB MP PP MP PP SHT PK MP PK SHT FO% FOT GA TA
Alex GreenD0001020012:420:0000:0000% 000
Austin PoganskiRW1230044023:542:2810:0000% 100
Axel AnderssonD0001010012:040:0000:0000% 000
Bobby TrivignoLW0110002021:592:5510:0000% 101
Chase PriskieD0000500116:310:0000:000100% 100
Devante StephensD0000000018:581:0700:0000% 000
Givani SmithLW/RW0000025021:210:5900:000100% 120
Isaak PhillipsD000000000:150:0000:0000% 000
Jack FinleyC0000021017:192:1800:00043% 1400
Karson KuhlmanRW1010004024:380:1800:00048% 2111
Luke HenmanC000000001:180:0000:0000% 000
Martin ChromiakRW1010014020:002:1110:00080% 500
Maxence GuenetteD0000000013:111:4300:0000% 000
Pavel DorofeyevC0000002012:370:0000:00060% 500
Pierre-Cedric LabrieLW0000011017:542:1800:0000% 000
Sean DayD011-1021120:462:4600:0000% 000
Semyon Der-ArguchintsevC0000021015:330:0000:00060% 500
Tobias BjornfotD000-1011328:593:2200:0000% 010

Stars

5 vs 5 Forward
Line #Left WingCenterRight WingPHYDFOFWanted %Time %Time Play
1Jayson MegnaChris TerryMartin Frk1224021%11:50
2Drake CaggiulaRiley SheahanJayson Megna1223031%17:16
3Joona KoppanenChris TerryJesper Froden1222020%11:02
4Nikita NesterenkoZac DalpeEthen Frank1221028%15:23
5 vs 5 Defense
Line #DefenseDefensePHYDFOFWanted %Time %Time Play
1Calle RosenKevin Connauton1224038%21:06
2Ethan ProwRyan Shea1223533%18:21
3Ilya SolovyovEddie Wittchow1222529%16:04
4Calle RosenKevin Connauton12200%0:00
Power Play Forward
Line #Left WingCenterRight WingPHYDFOFWanted %Time %Time Play
1Jayson MegnaChris TerryMartin Frk122600%0:00
2Chris TerryRiley SheahanJayson Megna122400%0:00
Power Play Defense
Line #DefenseDefensePHYDFOFWanted %Time %Time Play
1Calle RosenKevin Connauton122600%0:00
2Ethan ProwRyan Shea122400%0:00
Penalty Kill 4 Players Forward
Line #CenterWingPHYDFOFWanted %Time %Time Play
1Chris TerryJayson Megna1226082%3:41
2Riley SheahanChris Terry1224018%0:48
Penalty Kill 4 Players Defense
Line #DefenseDefensePHYDFOFWanted %Time %Time Play
1Calle RosenKevin Connauton1226058%2:36
2Ethan ProwRyan Shea1224042%1:53
Penalty Kill 3 Players
Line #WingPHYDFOFWanted %Time %Time PlayDefenseDefensePHYDFOFWanted %Time %Time Play
1Chris Terry122600%0:00 Calle RosenKevin Connauton122600%0:00
2Riley Sheahan122400%0:00 Ethan ProwRyan Shea122400%0:00
4 vs 4 Forward
Line #CenterWingPHYDFOFWanted %Time %Time Play
1Chris TerryJayson Megna122600%0:00
2Riley SheahanChris Terry122400%0:00
4 vs 4 Defense
Line #DefensePHYDFOFWanted %Time %Time Play
1Calle RosenKevin Connauton122600%0:00
2Ethan ProwRyan Shea122400%0:00
Last Minutes Offensive
Left WingCenterRight WingDefenseDefense
Jayson MegnaChris TerryMartin FrkCalle RosenKevin Connauton
Last Minutes Defensive
Left WingCenterRight WingDefenseDefense
Jayson MegnaChris TerryMartin FrkCalle RosenKevin Connauton
Time
Total ForwardTotal DefenseLast Minutes OffensiveLast Minutes Defensive
60:00 60:00 0:000:00
Extra Forwards
Normal PowerPlayPenalty Kill
Chris Terry, Jesper Froden, Ethen FrankChris Terry, Jesper FrodenChris Terry
Extra Defensemen
Normal PowerPlayPenalty Kill
Ryan Shea, Ilya Solovyov, Eddie WittchowRyan Shea, Ryan SheaIlya Solovyov
Penalty Shots
Jayson Megna, Chris Terry, Drake Caggiula, Martin Frk, Riley Sheahan
Goalie
Dustin Tokarski, Anton Khudobin
Scratches
Joel L'Esperance (Healthy), Jimmy Huntington (Healthy), Adam Brooks (Healthy), Josh Melnick (Healthy), Austin Wagner (Healthy) Joseph Cecconi (Healthy), Sam Anas (Healthy), Zach Senyshyn (Healthy), Cameron Crotty (Healthy), Byron Froese (Healthy) Felix Robert (Healthy), Justin Brazeau (Back Injury), Cole Clayton (Healthy), Marc McLaughlin (Healthy), Tyler Inamoto (Healthy) Matthew Murray (Healthy)

Checkers 1

5 vs 5 Forward
Line #Left WingCenterRight WingPHYDFOFWanted %Time %Time Play
1Bobby TrivignoKarson KuhlmanAustin Poganski1224029%15:57
2Pierre-Cedric LabrieJack FinleyKarson Kuhlman1223031%17:21
3Givani SmithSemyon Der-ArguchintsevMartin Chromiak1222028%15:33
4Givani SmithPavel DorofeyevAustin Poganski1221012%6:40
5 vs 5 Defense
Line #DefenseDefensePHYDFOFWanted %Time %Time Play
1Tobias BjornfotSean Day1224031%17:27
2Tobias BjornfotMaxence Guenette1223021%11:28
3Chase PriskieDevante Stephens1222029%16:09
4Alex GreenAxel Andersson1221019%10:27
Power Play Forward
Line #Left WingCenterRight WingPHYDFOFWanted %Time %Time Play
1Bobby TrivignoMartin ChromiakAustin Poganski1046049%2:11
2Pierre-Cedric LabrieJack FinleyBobby Trivigno1224051%2:18
Power Play Defense
Line #DefenseDefensePHYDFOFWanted %Time %Time Play
1Tobias BjornfotSean Day1226062%2:46
2Tobias BjornfotMaxence Guenette1224038%1:43
Penalty Kill 4 Players Forward
Line #CenterWingPHYDFOFWanted %Time %Time Play
1Austin PoganskiBobby Trivigno122600%0:00
2Bobby TrivignoPierre-Cedric Labrie122400%0:00
Penalty Kill 4 Players Defense
Line #DefenseDefensePHYDFOFWanted %Time %Time Play
1Tobias BjornfotSean Day122600%0:00
2Tobias BjornfotMaxence Guenette122400%0:00
Penalty Kill 3 Players
Line #WingPHYDFOFWanted %Time %Time PlayDefenseDefensePHYDFOFWanted %Time %Time Play
1Bobby Trivigno122600%0:00 Tobias BjornfotSean Day122600%0:00
2Bobby Trivigno122400%0:00 Tobias BjornfotMaxence Guenette122400%0:00
4 vs 4 Forward
Line #CenterWingPHYDFOFWanted %Time %Time Play
1Austin PoganskiBobby Trivigno122600%0:00
2Bobby TrivignoPierre-Cedric Labrie122400%0:00
4 vs 4 Defense
Line #DefensePHYDFOFWanted %Time %Time Play
1Tobias BjornfotSean Day122600%0:00
2Sean DayMaxence Guenette122400%0:00
Last Minutes Offensive
Left WingCenterRight WingDefenseDefense
Bobby TrivignoKarson KuhlmanAustin PoganskiTobias BjornfotSean Day
Last Minutes Defensive
Left WingCenterRight WingDefenseDefense
Bobby TrivignoKarson KuhlmanAustin PoganskiTobias BjornfotSean Day
Time
Total ForwardTotal DefenseLast Minutes OffensiveLast Minutes Defensive
60:00 60:00 0:000:00
Extra Forwards
Normal PowerPlayPenalty Kill
Martin Chromiak, Bobby Trivigno, Pavel DorofeyevMartin Chromiak, Bobby TrivignoMartin Chromiak
Extra Defensemen
Normal PowerPlayPenalty Kill
Devante Stephens, Alex Green, Axel AnderssonDevante Stephens, Devante StephensAlex Green
Penalty Shots
Karson Kuhlman, Austin Poganski, Bobby Trivigno, Semyon Der-Arguchintsev, Martin Chromiak
Goalie
Kevin Poulin, Nolan Maier
Scratches
Mitchell Stephens (Sore Right Knee Injury), Mason Millman (Healthy), Andrei Bakanov (Healthy), Dmitry Ovchinnikov (Healthy), Mikael Pyyhtia (Healthy) Ryan Bednard (Healthy), Tommy Nappier (Healthy)


Play-by-Play

1st period


0:01 of 1st period - Karson Kuhlman wins face-off versus Chris Terry in neutral zone.
1:04 of 1st period - Givani Smith is hit by Jesper Froden and loses puck.
2:11 of 1st period - Bobby Trivigno is hit by Drake Caggiula and loses puck.
3:05 of 1st period - Icing by Ryan Shea.
3:06 of 1st period - Jack Finley wins face-off versus Martin Frk in Stars zone.
5:32 of 1st period - Minor Penalty to Chris Terry for Holding.
5:33 of 1st period - Joona Koppanen wins face-off versus Jack Finley in Stars zone.
5:58 of 1st period - Wrist shot by Martin Chromiak.
5:58 of 1st period - Goal by Martin Chromiak - Stars : 0 - Checkers 1 : 1.
5:59 of 1st period - Chris Terry wins face-off versus Bobby Trivigno in neutral zone.
6:02 of 1st period - Slapshot by Jayson Megna.
6:02 of 1st period - Stopped by Kevin Poulin without a rebound.
6:03 of 1st period - Chris Terry wins face-off versus Karson Kuhlman in Checkers 1 zone.
6:10 of 1st period - Wrist shot by Martin Frk.
6:10 of 1st period - Shot Misses the Net.
6:12 of 1st period - Snap shot by Chris Terry.
6:12 of 1st period - Stopped by Kevin Poulin with a rebound.
6:14 of 1st period - Snap shot by Calle Rosen.
6:14 of 1st period - Shot Blocked by Sean Day.
6:16 of 1st period - Wrist shot by Jayson Megna.
6:16 of 1st period - Deflect By Bobby Trivigno.
6:16 of 1st period - Goal by Jayson Megna - Stars : 1 - Checkers 1 : 1.
6:17 of 1st period - Karson Kuhlman wins face-off versus Chris Terry in neutral zone.
6:43 of 1st period - Givani Smith is hit by Eddie Wittchow and loses puck.
6:50 of 1st period - Snap shot by Ethen Frank.
6:50 of 1st period - Shot Misses the Net.
6:52 of 1st period - Slapshot by Kevin Connauton.
6:52 of 1st period - Deflect By Zac Dalpe.
6:52 of 1st period - Shot Misses the Net.
6:52 of 1st period - Puck is out of play.
6:53 of 1st period - Riley Sheahan wins face-off versus Karson Kuhlman in Checkers 1 zone.
7:02 of 1st period - Wrist shot by Austin Poganski.
7:02 of 1st period - Stopped by Dustin Tokarski with a rebound.
7:04 of 1st period - Slapshot by Bobby Trivigno.
7:04 of 1st period - Shot Hit the Post.
7:08 of 1st period - Slapshot by Karson Kuhlman.
7:08 of 1st period - Stopped by Dustin Tokarski without a rebound.
7:09 of 1st period - Chris Terry wins face-off versus Karson Kuhlman in Stars zone.
7:22 of 1st period - Wrist shot by Chris Terry.
7:22 of 1st period - Shot Blocked by Tobias Bjornfot.
7:39 of 1st period - Wrist shot by Givani Smith.
7:39 of 1st period - Stopped by Dustin Tokarski with a rebound.
7:52 of 1st period - Off-side.
7:53 of 1st period - Chris Terry wins face-off versus Semyon Der-Arguchintsev in neutral zone.
8:50 of 1st period - Jesper Froden is hit by Givani Smith and loses puck.
8:57 of 1st period - Eddie Wittchow is hit by Semyon Der-Arguchintsev and loses puck.
9:34 of 1st period - Chris Terry is hit by Alex Green and loses puck.
9:47 of 1st period - Snap shot by Zac Dalpe.
9:47 of 1st period - Deflect By Nikita Nesterenko.
9:47 of 1st period - Stopped by Kevin Poulin without a rebound.
9:48 of 1st period - Jack Finley wins face-off versus Zac Dalpe in Checkers 1 zone.
10:05 of 1st period - Snap shot by Jayson Megna.
10:05 of 1st period - Shot Misses the Net.
10:13 of 1st period - Wrist shot by Drake Caggiula.
10:13 of 1st period - Stopped by Kevin Poulin without a rebound.
10:14 of 1st period - Karson Kuhlman wins face-off versus Chris Terry in Checkers 1 zone.
10:23 of 1st period - Snap shot by Austin Poganski.
10:23 of 1st period - Shot Misses the Net.
10:25 of 1st period - Snap shot by Bobby Trivigno.
10:25 of 1st period - Shot Blocked by Jayson Megna.
10:27 of 1st period - Snap shot by Bobby Trivigno.
10:27 of 1st period - Shot Misses the Net.
10:43 of 1st period - Slapshot by Ethen Frank.
10:43 of 1st period - Stopped by Kevin Poulin without a rebound.
10:44 of 1st period - Karson Kuhlman wins face-off versus Zac Dalpe in Checkers 1 zone.
11:02 of 1st period - Off-side.
11:03 of 1st period - Semyon Der-Arguchintsev wins face-off versus Chris Terry in neutral zone.
11:51 of 1st period - Snap shot by Karson Kuhlman.
11:51 of 1st period - Stopped by Dustin Tokarski with a rebound.
12:09 of 1st period - Icing by Chris Terry.
12:10 of 1st period - Semyon Der-Arguchintsev wins face-off versus Chris Terry in Stars zone.
12:11 of 1st period - Snap shot by Martin Chromiak.
12:11 of 1st period - Stopped by Dustin Tokarski with a rebound.
12:13 of 1st period - Slapshot by Givani Smith.
12:13 of 1st period - Shot Misses the Net.
12:15 of 1st period - Slapshot by Martin Chromiak.
12:15 of 1st period - Stopped by Dustin Tokarski without a rebound.
12:16 of 1st period - Chris Terry wins face-off versus Karson Kuhlman in Stars zone.
12:16 of 1st period - Chris Terry is hit by Axel Andersson.
12:56 of 1st period - Minor Penalty to Eddie Wittchow for Cross-checking.
12:57 of 1st period - Chris Terry wins face-off versus Martin Chromiak in Stars zone.
13:38 of 1st period - Icing by Tobias Bjornfot.
13:39 of 1st period - Martin Chromiak wins face-off versus Joona Koppanen in Checkers 1 zone.
14:06 of 1st period - Kevin Connauton is hit by Austin Poganski and loses puck.
14:24 of 1st period - Calle Rosen is hit by Jack Finley and loses puck.
14:41 of 1st period - Joona Koppanen is hit by Sean Day and loses puck.
14:56 of 1st period - Penalty to Eddie Wittchow is over, Eddie Wittchow is back on ice.
16:36 of 1st period - Sean Day is hit by Ilya Solovyov and loses puck.
17:54 of 1st period - Icing by Nikita Nesterenko.
17:55 of 1st period - Pavel Dorofeyev wins face-off versus Riley Sheahan in Stars zone.
17:58 of 1st period - Wrist shot by Pavel Dorofeyev.
17:58 of 1st period - Shot Blocked by Riley Sheahan.
18:02 of 1st period - Slapshot by Pavel Dorofeyev.
18:02 of 1st period - Stopped by Dustin Tokarski with a rebound.
19:16 of 1st period - Drake Caggiula is hit by Sean Day and loses puck.
Goals for this period are 1 for Stars vs 1 for Checkers 1.
Shots for this period are 6 for Stars vs 8 for Checkers 1.

2nd period


0:01 of 2nd period - Chris Terry wins face-off versus Karson Kuhlman in neutral zone.
0:13 of 2nd period - Off-side.
0:14 of 2nd period - Chris Terry wins face-off versus Karson Kuhlman in neutral zone.
0:25 of 2nd period - Martin Frk is hit by Austin Poganski.
0:39 of 2nd period - Martin Chromiak is hit by Nikita Nesterenko and loses puck.
0:46 of 2nd period - Snap shot by Nikita Nesterenko.
0:46 of 2nd period - Stopped by Kevin Poulin without a rebound.
0:47 of 2nd period - Chris Terry wins face-off versus Karson Kuhlman in Checkers 1 zone.
1:51 of 2nd period - Karson Kuhlman is hit by Jayson Megna and loses puck.
2:12 of 2nd period - Snap shot by Austin Poganski.
2:12 of 2nd period - Deflect By Karson Kuhlman.
2:12 of 2nd period - Stopped by Dustin Tokarski with a rebound.
2:24 of 2nd period - Joona Koppanen is hit by Givani Smith and loses puck.
2:52 of 2nd period - Slapshot by Calle Rosen.
2:52 of 2nd period - Stopped by Kevin Poulin without a rebound.
2:53 of 2nd period - Riley Sheahan wins face-off versus Jack Finley in Checkers 1 zone.
2:54 of 2nd period - Wrist shot by Drake Caggiula.
2:54 of 2nd period - Shot Blocked by Tobias Bjornfot.
2:56 of 2nd period - Slapshot by Kevin Connauton.
2:56 of 2nd period - Shot Blocked by Tobias Bjornfot.
2:58 of 2nd period - Slapshot by Drake Caggiula.
2:58 of 2nd period - Stopped by Kevin Poulin with a rebound.
3:00 of 2nd period - Snap shot by Drake Caggiula.
3:00 of 2nd period - Shot Misses the Net.
3:02 of 2nd period - Wrist shot by Jayson Megna.
3:02 of 2nd period - Stopped by Kevin Poulin with a rebound.
3:04 of 2nd period - Snap shot by Drake Caggiula.
3:04 of 2nd period - Stopped by Kevin Poulin without a rebound.
3:05 of 2nd period - Riley Sheahan wins face-off versus Pavel Dorofeyev in Checkers 1 zone.
3:35 of 2nd period - Wrist shot by Chris Terry.
3:35 of 2nd period - Deflect By Jesper Froden.
3:35 of 2nd period - Shot Misses the Net.
3:35 of 2nd period - Puck is out of play.
3:36 of 2nd period - Jack Finley wins face-off versus Chris Terry in Checkers 1 zone.
3:40 of 2nd period - Off-side.
3:41 of 2nd period - Karson Kuhlman wins face-off versus Chris Terry in neutral zone.
3:54 of 2nd period - Wrist shot by Karson Kuhlman.
3:54 of 2nd period - Goal by Karson Kuhlman - Stars : 1 - Checkers 1 : 2.
3:55 of 2nd period - Karson Kuhlman wins face-off versus Jayson Megna in neutral zone.
4:09 of 2nd period - Wrist shot by Jayson Megna.
4:09 of 2nd period - Deflect By Martin Frk.
4:09 of 2nd period - Deflect By Austin Poganski.
4:09 of 2nd period - Stopped by Kevin Poulin with a rebound.
4:26 of 2nd period - Minor Penalty to Ryan Shea for Tripping.
4:27 of 2nd period - Martin Chromiak wins face-off versus Chris Terry in Stars zone.
4:35 of 2nd period - Snap shot by Martin Chromiak.
4:35 of 2nd period - Shot Misses the Net.
4:59 of 2nd period - Icing by Tobias Bjornfot.
5:00 of 2nd period - Jack Finley wins face-off versus Chris Terry in Checkers 1 zone.
5:57 of 2nd period - Bobby Trivigno is hit by Calle Rosen and loses puck.
6:26 of 2nd period - Penalty to Ryan Shea is over, Ryan Shea is back on ice.
8:19 of 2nd period - Pavel Dorofeyev is hit by Martin Frk and loses puck.
8:32 of 2nd period - Pierre-Cedric Labrie is hit by Ethen Frank and loses puck.
9:00 of 2nd period - Icing by Bobby Trivigno.
9:01 of 2nd period - Zac Dalpe wins face-off versus Pavel Dorofeyev in Checkers 1 zone.
9:02 of 2nd period - Wrist shot by Nikita Nesterenko.
9:02 of 2nd period - Stopped by Kevin Poulin without a rebound.
9:03 of 2nd period - Chris Terry wins face-off versus Jack Finley in Checkers 1 zone.
9:16 of 2nd period - Chris Terry is hit by Jack Finley and loses puck.
9:29 of 2nd period - Sean Day is hit by Ethen Frank.
10:03 of 2nd period - Wrist shot by Semyon Der-Arguchintsev.
10:03 of 2nd period - Stopped by Dustin Tokarski with a rebound.
10:05 of 2nd period - Snap shot by Tobias Bjornfot.
10:05 of 2nd period - Stopped by Dustin Tokarski without a rebound.
10:06 of 2nd period - Karson Kuhlman wins face-off versus Riley Sheahan in Stars zone.
10:08 of 2nd period - Chase Priskie and Drake Caggiula fight to a draw.
10:08 of 2nd period - Penalty to Chase Priskie for Fighting.
10:08 of 2nd period - Penalty to Drake Caggiula for Fighting.
10:09 of 2nd period - Karson Kuhlman wins face-off versus Chris Terry in Stars zone.
10:10 of 2nd period - Slapshot by Bobby Trivigno.
10:10 of 2nd period - Stopped by Dustin Tokarski without a rebound.
10:11 of 2nd period - Karson Kuhlman wins face-off versus Chris Terry in Stars zone.
10:16 of 2nd period - Snap shot by Austin Poganski.
10:16 of 2nd period - Shot Misses the Net.
10:45 of 2nd period - Ryan Shea is hit by Alex Green and loses puck.
11:04 of 2nd period - Wrist shot by Chris Terry.
11:04 of 2nd period - Shot Misses the Net.
13:24 of 2nd period - Martin Frk is hit by Austin Poganski and loses puck.
13:51 of 2nd period - Bobby Trivigno is hit by Ethen Frank and loses puck.
14:46 of 2nd period - Ethan Prow is hit by Martin Chromiak and loses puck.
17:22 of 2nd period - Pavel Dorofeyev is hit by Chris Terry and loses puck.
Goals for this period are 0 for Stars vs 1 for Checkers 1.
Shots for this period are 7 for Stars vs 5 for Checkers 1.

3rd period


0:01 of 3rd period - Chris Terry wins face-off versus Austin Poganski in neutral zone.
0:26 of 3rd period - Bobby Trivigno is hit by Drake Caggiula and loses puck.
1:34 of 3rd period - Wrist shot by Pavel Dorofeyev.
1:34 of 3rd period - Stopped by Dustin Tokarski with a rebound.
1:36 of 3rd period - Slapshot by Maxence Guenette.
1:36 of 3rd period - Shot Blocked by Jesper Froden.
1:52 of 3rd period - Wrist shot by Drake Caggiula.
1:52 of 3rd period - Stopped by Kevin Poulin without a rebound.
1:53 of 3rd period - Riley Sheahan wins face-off versus Jack Finley in Checkers 1 zone.
2:25 of 3rd period - Wrist shot by Martin Frk.
2:25 of 3rd period - Stopped by Kevin Poulin without a rebound.
2:26 of 3rd period - Chris Terry wins face-off versus Jack Finley in Checkers 1 zone.
2:31 of 3rd period - Wrist shot by Martin Frk.
2:31 of 3rd period - Stopped by Kevin Poulin without a rebound.
2:32 of 3rd period - Chris Terry wins face-off versus Jack Finley in Checkers 1 zone.
2:35 of 3rd period - Wrist shot by Martin Frk.
2:35 of 3rd period - Stopped by Kevin Poulin without a rebound.
2:36 of 3rd period - Karson Kuhlman wins face-off versus Chris Terry in Checkers 1 zone.
2:45 of 3rd period - Slapshot by Karson Kuhlman.
2:45 of 3rd period - Shot Blocked by Eddie Wittchow.
2:47 of 3rd period - Slapshot by Austin Poganski.
2:47 of 3rd period - Stopped by Dustin Tokarski with a rebound.
2:49 of 3rd period - Slapshot by Bobby Trivigno.
2:49 of 3rd period - Shot Blocked by Martin Frk.
2:51 of 3rd period - Slapshot by Sean Day.
2:51 of 3rd period - Stopped by Dustin Tokarski with a rebound.
3:25 of 3rd period - Snap shot by Karson Kuhlman.
3:25 of 3rd period - Shot Misses the Net.
3:27 of 3rd period - Slapshot by Pierre-Cedric Labrie.
3:27 of 3rd period - Stopped by Dustin Tokarski with a rebound.
3:41 of 3rd period - Chris Terry is hit by Austin Poganski and loses puck.
4:57 of 3rd period - Icing by Maxence Guenette.
4:58 of 3rd period - Chris Terry wins face-off versus Jack Finley in Checkers 1 zone.
5:07 of 3rd period - Jack Finley is hit by Joona Koppanen and loses puck.
5:18 of 3rd period - Snap shot by Pavel Dorofeyev.
5:18 of 3rd period - Shot Misses the Net.
5:20 of 3rd period - Snap shot by Givani Smith.
5:20 of 3rd period - Stopped by Dustin Tokarski with a rebound.
5:22 of 3rd period - Wrist shot by Givani Smith.
5:22 of 3rd period - Deflect By Austin Poganski.
5:22 of 3rd period - Stopped by Dustin Tokarski with a rebound.
5:42 of 3rd period - Backhand shot by Ethen Frank.
5:42 of 3rd period - Stopped by Kevin Poulin with a rebound.
5:44 of 3rd period - Wrist shot by Zac Dalpe.
5:44 of 3rd period - Shot Misses the Net.
6:12 of 3rd period - Bobby Trivigno is hit by Drake Caggiula and loses puck.
8:37 of 3rd period - Icing by Eddie Wittchow.
8:38 of 3rd period - Chase Priskie wins face-off versus Zac Dalpe in Stars zone.
9:03 of 3rd period - Snap shot by Ethen Frank.
9:03 of 3rd period - Stopped by Kevin Poulin without a rebound.
9:04 of 3rd period - Zac Dalpe wins face-off versus Karson Kuhlman in Checkers 1 zone.
9:05 of 3rd period - Snap shot by Ethen Frank.
9:05 of 3rd period - Deflect By Nikita Nesterenko.
9:05 of 3rd period - Stopped by Kevin Poulin without a rebound.
9:06 of 3rd period - Zac Dalpe wins face-off versus Karson Kuhlman in Checkers 1 zone.
9:40 of 3rd period - Wrist shot by Zac Dalpe.
9:40 of 3rd period - Shot Misses the Net.
9:42 of 3rd period - Slapshot by Zac Dalpe.
9:42 of 3rd period - Shot Misses the Net.
9:44 of 3rd period - Backhand shot by Ethen Frank.
9:44 of 3rd period - Stopped by Kevin Poulin without a rebound.
9:45 of 3rd period - Chris Terry wins face-off versus Semyon Der-Arguchintsev in Checkers 1 zone.
9:46 of 3rd period - Wrist shot by Jayson Megna.
9:46 of 3rd period - Shot Misses the Net.
9:48 of 3rd period - Slapshot by Chris Terry.
9:48 of 3rd period - Shot Misses the Net.
9:58 of 3rd period - Snap shot by Chris Terry.
9:58 of 3rd period - Shot Misses the Net.
10:00 of 3rd period - Snap shot by Jayson Megna.
10:00 of 3rd period - Stopped by Kevin Poulin with a rebound.
10:12 of 3rd period - Jayson Megna is hit by Pierre-Cedric Labrie.
11:02 of 3rd period - Slapshot by Jayson Megna.
11:02 of 3rd period - Stopped by Kevin Poulin without a rebound.
11:03 of 3rd period - Riley Sheahan wins face-off versus Jack Finley in Checkers 1 zone.
11:04 of 3rd period - Slapshot by Drake Caggiula.
11:04 of 3rd period - Stopped by Kevin Poulin with a rebound.
11:14 of 3rd period - Wrist shot by Drake Caggiula.
11:14 of 3rd period - Shot Misses the Net.
11:24 of 3rd period - Snap shot by Givani Smith.
11:24 of 3rd period - Deflect By Calle Rosen.
11:24 of 3rd period - Stopped by Dustin Tokarski with a rebound.
11:26 of 3rd period - Snap shot by Martin Chromiak.
11:26 of 3rd period - Stopped by Dustin Tokarski without a rebound.
11:27 of 3rd period - Martin Chromiak wins face-off versus Joona Koppanen in Stars zone.
11:39 of 3rd period - Eddie Wittchow is hit by Semyon Der-Arguchintsev and loses puck.
11:46 of 3rd period - Slapshot by Eddie Wittchow.
11:46 of 3rd period - Shot Blocked by Chase Priskie.
11:48 of 3rd period - Slapshot by Ilya Solovyov.
11:48 of 3rd period - Stopped by Kevin Poulin without a rebound.
11:49 of 3rd period - Chris Terry wins face-off versus Karson Kuhlman in Checkers 1 zone.
11:54 of 3rd period - Snap shot by Chris Terry.
11:54 of 3rd period - Stopped by Kevin Poulin with a rebound.
12:36 of 3rd period - Wrist shot by Drake Caggiula.
12:36 of 3rd period - Shot Misses the Net.
13:06 of 3rd period - Snap shot by Jesper Froden.
13:06 of 3rd period - Deflect By Chris Terry.
13:06 of 3rd period - Stopped by Kevin Poulin without a rebound.
13:07 of 3rd period - Pavel Dorofeyev wins face-off versus Chris Terry in Checkers 1 zone.
13:16 of 3rd period - Wrist shot by Givani Smith.
13:16 of 3rd period - Stopped by Dustin Tokarski without a rebound.
13:17 of 3rd period - Jack Finley wins face-off versus Chris Terry in Stars zone.
13:24 of 3rd period - Backhand shot by Jack Finley.
13:24 of 3rd period - Stopped by Dustin Tokarski without a rebound.
13:25 of 3rd period - Jack Finley wins face-off versus Chris Terry in Stars zone.
13:28 of 3rd period - Snap shot by Jack Finley.
13:28 of 3rd period - Shot Misses the Net.
13:50 of 3rd period - Ethen Frank is hit by Tobias Bjornfot and loses puck.
14:13 of 3rd period - Snap shot by Bobby Trivigno.
14:13 of 3rd period - Shot Blocked by Calle Rosen.
14:15 of 3rd period - Slapshot by Alex Green.
14:15 of 3rd period - Shot Misses the Net.
14:22 of 3rd period - Icing by Calle Rosen.
14:23 of 3rd period - Semyon Der-Arguchintsev wins face-off versus Riley Sheahan in Stars zone.
14:24 of 3rd period - Wrist shot by Givani Smith.
14:24 of 3rd period - Stopped by Dustin Tokarski without a rebound.
14:25 of 3rd period - Givani Smith wins face-off versus Riley Sheahan in Stars zone.
14:29 of 3rd period - Minor Penalty to Ethan Prow for Tripping.
14:30 of 3rd period - Martin Chromiak wins face-off versus Chris Terry in Stars zone.
14:30 of 3rd period - Snap shot by Austin Poganski.
14:30 of 3rd period - Shot Misses the Net.
14:32 of 3rd period - Slapshot by Sean Day.
14:32 of 3rd period - Deflect By Bobby Trivigno.
14:32 of 3rd period - Stopped by Dustin Tokarski with a rebound.
14:34 of 3rd period - Wrist shot by Austin Poganski.
14:34 of 3rd period - Goal by Austin Poganski - Stars : 1 - Checkers 1 : 3.
14:35 of 3rd period - Chris Terry wins face-off versus Karson Kuhlman in neutral zone.
14:50 of 3rd period - Wrist shot by Jayson Megna.
14:50 of 3rd period - Shot Misses the Net.
16:25 of 3rd period - Axel Andersson is hit by Calle Rosen and loses puck.
17:53 of 3rd period - Pierre-Cedric Labrie is hit by Drake Caggiula and loses puck.
18:57 of 3rd period - Icing by Karson Kuhlman.
18:58 of 3rd period - Pavel Dorofeyev wins face-off versus Ethen Frank in Checkers 1 zone.
Goals for this period are 0 for Stars vs 1 for Checkers 1.
Shots for this period are 14 for Stars vs 13 for Checkers 1.